 Dungeon Crawl Stone Soup version 0.32-a0-928-g1cae6b7ea0 (webtiles) character file.

Game seed: 5114372861339639913

123 Autsider the Changeling (level 5, -1/33 HPs)
             Began as an Octopode Shapeshifter on Apr 12, 2024.
             Shot with a sling bullet by a goblin (6 damage)
             ... on level 3 of the Dungeon.
             The game lasted 00:03:30 (1873 turns).

Autsider the Changeling (Octopode Shapeshifter)     Turns: 1873, Time: 00:03:30

Health: -1/33      AC:  1    Str: 14    XL:     5   Next: 7%
Magic:  5/5        EV: 12    Int: 12    God:
Gold:   134        SH:  0    Dex: 13    Spells: 4/4 levels left

rFire   + .          .
                       - Unarmed
rCold   . . .        (no shield)
rNeg    . . .        (helmet currently unavailable)
rPois   .            (no amulet)
rElec   .            f - ring of protection from fire
rCorr   .            (no ring)
SInv    .            (no ring)
Will    .....        (no ring)
Stlth   ++           (no ring)
HPRegen 0.25/turn    (no ring)
MPRegen 0.09/turn    (no ring)
                     (no ring)

%: no passive effects
@: beast-form
A: beast (slay +3), almost no armour, amphibious, 8 rings, camouflage 1,
gelatinous body 1, (nimble swimmer 1), tentacles
a: Begin Untransformation


You were on level 3 of the Dungeon.
You were a hulking beast.
You visited 1 branch of the dungeon, and saw 3 of its levels.

You collected 134 gold pieces.

Inventory:

Jewellery
 f - a ring of protection from fire (left tentacle)
 p - a ring of resist corrosion
Talismans
 b - a beast talisman (active)
 c - a flux talisman
Scrolls
 j - a scroll of amnesia {unknown}
 k - a scroll of revelation {unknown}
 l - a scroll of poison {unknown}
 m - a scroll of vulnerability {unknown}
 q - a scroll of brand weapon {unknown}
 r - a scroll of noise
Potions
 a - 2 potions of lignification
 d - a potion of attraction
 e - a potion of mutation
 g - a potion of heal wounds {unknown}
 i - a potion of haste {unknown}
 n - a potion of ambrosia {unknown}
 o - a potion of degeneration {unknown}


   Skills:
 - Level 1.0 Fighting
 - Level 2.0 Dodging
 - Level 3.0 Unarmed Combat
 + Level 5.2 Shapeshifting


You had 4 spell levels left.
You didn't know any spells.
Your spell library was empty.

Dungeon Overview and Level Annotations

Branches:
Dungeon (3/15)

Altars:
Fedhas
Gozag
Trog

Shops:
D:3 *


Innate Abilities, Weirdness & Mutations

You are a hulking beast.
Your limbs bulge with bestial killing power. (Slay +3)
You cannot wear most types of armour.
You are amphibious.
You can wear up to eight rings at the same time.
Your skin changes colour to match your surroundings (Stealth+).
Your rubbery body absorbs attacks. (AC +1, EV +1)
((You are camouflaged when in or above water. (Stealth+)))
You have tentacles for arms and can constrict up to eight enemies at once.


Message History

The orc priest hits you with a +0 flail!
An orc priest comes into view. It is wielding a +1 war axe of flaming.
The goblin unwields a +0 sling.
The goblin wields a +0 club.
The goblin hits you with a +0 club.
The orc priest shouts, "The Pantheon deserves no one's loyalty.
Let us show you the true path!" (press Y on the ability menu to convert to Beogh)
You barely miss the orc priest.
The orc priest threatens, "Beogh's wrath is as vast as their mercy.
Make your choice!"
You grab the orc priest. You constrict the orc priest.
The orc priest hits you with a +0 flail!
* * * LOW HITPOINT WARNING * * *
You tentacle-slap the orc priest.
The orc priest is heavily wounded.
You constrict the orc priest. The orc priest barely misses you.
You tentacle-slap the orc priest.
The orc priest is almost dead.
You constrict the orc priest.
You kill the orc priest!
The goblin unwields a +0 club.
The goblin wields a +0 sling.
The goblin shoots a sling bullet.
The sling bullet hits you but does no damage.
Your Shapeshifting skill increases to level 5!
You have reached level 5!
You feel stronger.
You tentacle-slap the orc. Your grab misses the orc.
The orc is moderately wounded.
The goblin shoots a sling bullet.
The sling bullet closely misses you. The orc barely misses you.
You tentacle-slap the orc but do no damage.
You grab the orc. You squeeze the orc.
You kill the orc!
The goblin shoots a sling bullet.
The sling bullet hits you.
* * * LOW HITPOINT WARNING * * *
The goblin shoots a sling bullet.
The sling bullet barely misses you.
The goblin shoots a sling bullet.
The sling bullet hits you.
* * * LOW HITPOINT WARNING * * *
The goblin shoots a sling bullet.
The sling bullet hits you.
* * * LOW HITPOINT WARNING * * *
The goblin shoots a sling bullet.
The sling bullet hits you.
You die...

####o## #.##.##
#o..g.## #.##.#
#o.###.)#
#.##.###########
..$.# ##.###
#.##.##........#
#.#... #...##
#.##.##.######.#
#..# ###..#
#.##......# #.#
#.#
##.###.#...###.#
#.# #.
+..##...#.# #.#
#.# .
#..h..#...###.#
#.#
#..###.##......#
#.# #...##
#.#...#.#.# #.#
#.##
#.#.#...#.####.#
#..
#.#............#
...
#.####.##.######
## #.# #.##.###
#.# #.##...# #.#
#.####.#


You could see a goblin.

Vanquished Creatures
  An orc priest (D:3)
  4 adders
  A ribbon worm (D:2)
  A dart slug (D:2)
  An orc (D:3)
  4 ball pythons (D:1)
  3 endoplasms (D:1)
  2 giant cockroaches
  4 goblins
  5 hobgoblins
  7 jackals (D:1)
  4 kobolds
  2 quokkas (D:1)
  2 bats
  4 frilled lizards
  5 rats
50 creatures vanquished.

Notes
Turn   | Place    | Note
-------+----------+-------------------------------------------
     0 | D:1      | Autsider the Octopode Shapeshifter began the quest for the
                  | Orb.
     0 | D:1      | Reached XP level 1. HP: 13/13 MP: 1/1
   120 | D:1      | Reached XP level 2. HP: 15/18 MP: 2/2
   570 | D:1      | Reached XP level 3. HP: 23/23 MP: 3/3
   571 | D:1      | Reached skill level 4 in Shapeshifting
  1230 | D:2      | Reached XP level 4. HP: 24/28 MP: 4/4
  1666 | D:3      | Found a blossoming altar of Fedhas.
  1667 | D:3      | Found a bloodstained altar of Trog.
  1679 | D:3      | Found Gozag's Platinum Reserve.
  1682 | D:3      | Found an opulent altar of Gozag.
  1866 | D:3      | Reached skill level 5 in Shapeshifting
  1866 | D:3      | Reached XP level 5. HP: 12/33 MP: 5/5
  1873 | D:3      | Shot with a sling bullet by a goblin

Illustrated notes

Levels and vault maps discovered:
D:1:      kennysheep_arrival_seaside, layout_basic
D:2:      layout_loops_ring
D:3:      cheibrodos_greedy_goblins, layout_loops_ring,
          nicolae_overflow_two_pavilions, nicolae_gozag_zags_fifth_avenue

Skill      XL: |  1  2  3  4 |
---------------+-------------+-----
Shapeshifting  | 4 5 |  5.2
Fighting       | |  1.0
Dodging        | |  2.0
Unarmed Combat | |  3.0

Action                     |  1- 3 |  4- 6 || total
---------------------------+-------+-------++-------
  Melee: Unarmed           |    71 |    21 ||    92
         Constrict         |    20 |     7 ||    27
         Tentacles         |    10 |     2 ||    12
         Punch             |     2 |       ||     2
    Use: Scroll            |       |     3 ||     3
   Stab: Sleeping          |     3 |     3 ||     6
 Armour: Skin              |    29 |    13 ||    42
  Dodge: Dodged            |    31 |    12 ||    43

Table legend: (Time is in decaauts)
 A = Elapsed time spent in this place.
 B = Non-inter-level travel time spent in this place.
 C = Inter-level travel time spent in this place.
 D = Time resting spent in this place.
 E = Time spent auto-exploring this place.
 F = Levels seen in this place.
 G = Mean time per level.
                   A        B        C        D        E       F      G
               +--------+--------+--------+--------+--------+-----+--------+
         Total |   1866 |   1818 |     48 |     76 |   1454 |   3 |  622.0 |
       Dungeon |   1866 |   1818 |     48 |     76 |   1454 |   3 |  622.0 |
               +--------+--------+--------+--------+--------+-----+--------+

Top non-repeatable levels by time:
     D:1: 996 daAuts
     D:2: 657 daAuts
     D:3: 212 daAuts
